 Dungeon Sprint DCSS version 0.21.1-1-g345015f (webtiles) character file.

3000000 Fang the Axe Maniac (level 18, -5/200 HPs)
             Began as a Minotaur Gladiator on May 21, 2018.
             Was an Elder of Makhleb.
             Slain by a bag of meat
             ... wielding a +9 war axe
              (9 damage)
             ... in the Dungeon (Sprint VIII: "Arena of Blood").
             The game lasted 00:00:45 (30 turns).

Fang the Axe Maniac (Minotaur Gladiator)              Turns: 30, Time: 00:00:45

Health: -5/200     AC:  5    Str: 26    XL:     18   Next: 74%
Magic:  17/33      EV: 29    Int:  5    God:    Makhleb [****..]
Gold:   0          SH:  0    Dex: 13    Spells: 42/42 levels left

rFire    . . .     SeeInvis .   l - +∞ Axe of Woe
rCold    . . .     Gourm    .   (shield currently unavailable)
rNeg     . . .     Faith    .   b - +0 leather armour
rPois    .         Spirit   .   c - +0 hat
rElec    .         Reflect  .   (no cloak)
rCorr    .         Harm     .   (no gloves)
MR       +....     NoTele   +   (no boots)
Stlth    ++++++....             (no amulet)
HPRegen  0.43/turn              m - +30 ring of slaying
MPRegen  0.23/turn              n - +30 ring of slaying

@: no status effects
A: retaliatory headbutt, horns 2
a: Minor Destruction, Lesser Servant of Makhleb, Major Destruction, Renounce
Religion


You were in the Dungeon.
You worshipped Makhleb.
Makhleb was greatly pleased with you.
You were not hungry.

You visited 1 branch

Inventory:

Hand Weapons
 a - a +0 war axe
 l - the +∞ Axe of Woe (weapon)
   (You found it in the Dungeon)
Missiles
 d - 3 throwing nets (quivered)
Armour
 b - a +0 leather armour (worn)
 c - a +0 hat (worn)
Jewellery
 m - a +30 ring of slaying (left hand)
 n - a +30 ring of slaying (right hand)
Scrolls
 k - a scroll of blinking
Potions
 e - a potion of curing
 g - a potion of heal wounds
 h - a potion of haste
 i - 2 potions of magic
 j - a potion of berserk rage
Comestibles
 f - a ration


   Skills:
 O Level 27 Fighting
 O Level 27 Axes
 O Level 27 Throwing
 + Level 20.1 Armour
 O Level 27 Dodging
 + Level 16.1 Stealth
 + Level 18.7 Unarmed Combat
 + Level 12.9 Spellcasting
 + Level 17.4 Invocations


You had 42 spell levels left.
You didn't know any spells.

Dungeon Overview and Level Annotations

Branches:
Dungeon (1/1)

Altars:
Makhleb


Innate Abilities, Weirdness & Mutations

You reflexively headbutt those who attack you in melee.
You have a pair of horns on your head.


Message History

Unknown command.
You are too injured to fight recklessly!
Unknown command.
You are too injured to fight recklessly!
You slice the destroyer!!
You cleave the destroyer in twain.
You destroy the destroyer!
Makhleb accepts your kill.
Your Armour skill gained 4 levels and is now at level 20!
Your Stealth skill gained 3 levels and is now at level 16!
Your Unarmed Combat skill gained 3 levels and is now at level 18!
Your Spellcasting skill gained 2 levels and is now at level 12!
Your Invocations skill gained 3 levels and is now at level 17!
You hear a shout! x6
A destroyer comes into view.
It is wielding a +9 great sword of slicing.
Unknown command. 3 orcs come into view.
The bag of meat shouts! x2; You hear two shouts!
You hear a shout!
You hear two shouts!
You hear a shout! x8
The bag of meat hits you with a +9 war axe!
You die...

..o.... .. .....
.o #oo.. o# ..
#... ..#
...###... ..###.
........###......
#.......o_.......
#)@)).# #_O<._#
#o)...#
#.....o.._......
...O....###......
.o.###O§. ..###.
.o #V.. ..# #....
..# ..... ..


You could see a destroyer, a large bag of meat (inner flame), a meat berserker
(berserk) and 6 bags of meat.

Vanquished Creatures
  A vampire knight (D)
  4 ogres (D)
  8 orcs (D)
13 creatures vanquished.

Notes
Turn   | Place    | Note
-------+----------+-------------------------------------------
     0 | D        | Found the +∞ Axe of Woe
     0 | D        | Fang the Minotaur Gladiator began the quest for the Orb.
     0 | D        | Reached XP level 1. HP: 18/18 MP: 0/0
     4 | D        | Became a worshipper of Makhleb the Destroyer
     5 | D        | Noticed a bag of meat
     7 | D        | Noticed a bag of meat
     9 | D        | Noticed a bag of meat
    11 | D        | Noticed a meat berserker
    11 | D        | Killed a bag of meat
    11 | D        | Reached XP level 2. HP: 3/41 MP: 1/1
    11 | D        | Reached XP level 3. HP: 4/48 MP: 2/2
    11 | D        | Reached XP level 4. HP: 5/56 MP: 3/3
    11 | D        | Reached XP level 5. HP: 5/62 MP: 4/4
    11 | D        | Reached XP level 6. HP: 6/70 MP: 5/5
    11 | D        | Reached XP level 7. HP: 6/77 MP: 6/6
    11 | D        | Reached XP level 8. HP: 7/83 MP: 7/7
    11 | D        | Reached XP level 9. HP: 8/90 MP: 8/8
    11 | D        | Reached XP level 10. HP: 8/97 MP: 9/9
    11 | D        | Reached XP level 11. HP: 9/104 MP: 10/10
    13 | D        | Noticed a meat berserker
    14 | D        | Noticed a bag of meat
    14 | D        | Killed a bag of meat
    14 | D        | Reached * piety under Makhleb
    14 | D        | Reached XP level 12. HP: 11/116 MP: 11/11
    14 | D        | Killed a meat berserker
    14 | D        | Reached skill level 27 in Axes
    14 | D        | Reached XP level 13. HP: 13/130 MP: 12/12
    14 | D        | Reached XP level 14. HP: 13/138 MP: 13/13
    15 | D        | Noticed a bag of meat
    15 | D        | Killed a bag of meat
    15 | D        | Killed a meat berserker
    15 | D        | Reached ** piety under Makhleb
    15 | D        | Reached skill level 27 in Dodging
    15 | D        | Reached XP level 15. HP: 120/163 MP: 14/14
    17 | D        | Noticed a meat berserker
    20 | D        | Noticed a meat berserker
    20 | D        | Killed a meat berserker
    20 | D        | Reached skill level 27 in Fighting
    20 | D        | Reached XP level 16. HP: 183/183 MP: 15/15
    22 | D        | Noticed a meat berserker
    23 | D        | Killed a meat berserker
    23 | D        | Reached *** piety under Makhleb
    23 | D        | Reached skill level 27 in Throwing
    23 | D        | Reached XP level 17. HP: 191/191 MP: 16/16
    24 | D        | Reached skill level 10 in Unarmed Combat
    25 | D        | Noticed a large bag of meat
    26 | D        | Noticed a meat berserker
    26 | D        | Reached skill level 10 in Stealth
    27 | D        | Noticed a destroyer
    27 | D        | Reached skill level 15 in Armour
    27 | D        | Reached **** piety under Makhleb
    27 | D        | Reached skill level 15 in Unarmed Combat
    27 | D        | Reached skill level 10 in Spellcasting
    27 | D        | Reached XP level 18. HP: 200/200 MP: 16/31
    28 | D        | HP: 7/200 [destroyer/+9 great sword of slicing (28)]
    28 | D        | HP: 3/200 [destroyer/+9 great sword of slicing (4)]
    29 | D        | Killed a destroyer
    30 | D        | Noticed a destroyer
    30 | D        | Slain by a bag of meat

Skill      XL: |  1  2  3  4  5  6  7  8  9 10 11 12 13 14 15 16 17 18 |
---------------+-------------------------------------------------------+-----
Fighting       | 12 13 16 23 27 | 27.0
Axes           | 20 23 27 | 27.0
Throwing       | 9 11 13 18 24 27 | 27.0
Dodging        | 19 21 24 27 | 27.0
Armour         | 16 20 | 20.1
Stealth        | 13 16 | 16.1
Unarmed Combat | 15 18 | 18.7
Spellcasting   | 10 12 | 12.9
Invocations    | 14 17 | 17.4

Action                   |  1- 3 |  4- 6 |  7- 9 | 10-12 | 13-15 | 16-18 || total
-------------------------+-------+-------+-------+-------+-------+-------++-------
Melee: Executioner's axe |     1 |       |       |     1 |     3 |     5 ||    10
Dodge: Dodged            |       |       |       |       |     1 |     1 ||     2
